 Dungeon Crawl Stone Soup version 0.24.0-124-g2791043dd8 (webtiles) character file.

Game seed: 13605744968934952334, levelgen mode: deterministic

128 HawFromDerth the Firebug (level 4, -3/24 HPs)
             Began as a Deep Elf Fire Elementalist on Feb 16, 2020.
             Killed from afar by an orc wizard (8 damage)
             ... with a puff of flame
             ... on level 2 of the Dungeon.
             The game lasted 00:05:07 (1818 turns).

HawFromDerth the Firebug (DEFE)                     Turns: 1818, Time: 00:05:08

Health: -3/24      AC:  2    Str:  5    XL:     4   Next: 86%
Magic:  2/12       EV: 13    Int: 21    God:
Gold:   71         SH:  0    Dex: 15    Spells: 8/11 levels left

rFire    . . .     SeeInvis .   (no weapon)
rCold    . . .     Gourm    .   (no shield)
rNeg     . . .     Faith    .   a - +0 robe
rPois    .         Spirit   .   (no helmet)
rElec    .         Reflect  .   (no cloak)
rCorr    .         Harm     .   (no gloves)
MR       .....                  (no boots)
Stlth    ++........             (no amulet)
HPRegen  0.08/turn              (no ring)
MPRegen  0.13/turn              (no ring)

@: no status effects
A: no striking features
a: no special abilities


You were on level 2 of the Dungeon.
You were not hungry.

You visited 1 branch of the dungeon, and saw 2 of its levels.

You collected 71 gold pieces.

Inventory:

Armour
 a - a +0 robe (worn)
Scrolls
 b - 2 scrolls of identify
Potions
 d - a potion of might
 g - a potion of heal wounds {unknown}
 h - a potion of resistance
Comestibles
 c - 2 rations


   Skills:
 - Level 2.5 Dodging
 + Level 2.8 Stealth
 + Level 4.4 Spellcasting
 - Level 1.1 Conjurations
 + Level 5.2 Fire Magic


You had 8 spell levels left.
You knew the following spells:

 Your Spells              Type           Power        Failure   Level  Hunger
a - Flame Tongue          Conj/Fire      ###..        3%          1    None
b - Throw Flame           Conj/Fire      ###...       4%          2    #......

Your spell library contained the following spells:

 Spells                   Type           Power        Failure   Level  Hunger
 Conjure Flame            Conj/Fire      ###.....     9%          3    ##.....
 Inner Flame              Hex/Fire       ###.....     12%         3    ##.....
 Sticky Flame             Conj/Fire      ###.....     30%         4    ####...
 Fireball                 Conj/Fire      ###.......   63%         5    ######.


Dungeon Overview and Level Annotations

Branches:
Dungeon (2/15)

Altars:


Message History

The flame tongue hits the orc wizard but does no damage.
The orc wizard is heavily wounded.
Casting: Flame Tongue (safe; 3% risk of failure)
Confirm with . or Enter, or press ? or * to list all spells.
Aiming: Flame Tongue (safe; 3% risk of failure)
Press: ? - help, Shift-Dir - straight line, f/p - orc wizard
Aim: an orc wizard, wielding a +0 dagger and wearing a +0 robe (heavily wounded)
The flame tongue misses the orc wizard.
The orc wizard casts a spell at you. The magic dart hits you!
* * * LOW HITPOINT WARNING * * *
Casting: Flame Tongue (safe; 3% risk of failure)
Confirm with . or Enter, or press ? or * to list all spells.
Aiming: Flame Tongue (safe; 3% risk of failure)
Press: ? - help, Shift-Dir - straight line, f/p - orc wizard
Aim: an orc wizard, wielding a +0 dagger and wearing a +0 robe (heavily wounded)
The flame tongue misses the orc wizard.
The orc wizard casts a spell at you. The puff of flame hits you!
You die...

#..<.>....# ###.###
#...#####.##### #.....## ###.#
#.))..#### #[.##.$ . #.#
#####....########..##!#?# #.#
####..÷.##.....#..%.# #.#####
#........##..#.##.. #.....#
#..###..####...####
#####.########..###....))......
#...)(....@.)..†...).......
###..)#####o##....(..##....
#.....###..#..........###
#...#........(..(...###
#..########.##........# #.##
#.........#.). #.
##........##### .. #........#
### #.#.....##


You could see an orc wizard.

Vanquished Creatures
  A centaur (D:2)
  An adder (D:2)
  2 worms (D:2)
  3 dart slugs (D:1)
  4 orcs (D:2)
  6 goblins
  2 hobgoblins
  A kobold (D:1)
  A frilled lizard (D:2)
  4 rats (D:1)
25 creatures vanquished.

Notes
Turn   | Place    | Note
-------+----------+-------------------------------------------
     0 | D:1      | HawFromDerth the Deep Elf Fire Elementalist began the quest
                  | for the Orb.
     0 | D:1      | Reached XP level 1. HP: 10/10 MP: 6/6
   465 | D:1      | Reached XP level 2. HP: 15/15 MP: 5/8
   531 | D:1      | Learned a level 2 spell: Throw Flame
  1260 | D:2      | Reached skill level 4 in Fire Magic
  1458 | D:2      | Reached XP level 3. HP: 19/19 MP: 5/10
  1714 | D:2      | Noticed a centaur
  1765 | D:2      | Killed a centaur
  1765 | D:2      | Reached skill level 5 in Fire Magic
  1765 | D:2      | Reached XP level 4. HP: 17/24 MP: 0/12
  1818 | D:2      | Killed from afar by an orc wizard

Levels and vault maps discovered:
D:1:      minmay_arrival_split_and_join, layout_basic
D:2:      layout_rooms, minmay_hexomino_p4, uniq_sigmund

Skill      XL: |  1  2  3 |
---------------+----------+-----
Fire Magic     | 4 5 |  5.2
Spellcasting   | 4 |  4.4
Dodging        | |  2.5
Stealth        | |  2.8
Conjurations   | |  1.1

Action                   |  1- 3 |  4- 6 || total
-------------------------+-------+-------++-------
 Cast: Flame Tongue      |    41 |     7 ||    48
       Throw Flame       |    15 |       ||    15
  Use: Potion            |     2 |       ||     2
       Scroll            |     3 |       ||     3
  Eat: Ration            |     1 |       ||     1
Armor: Robe              |     2 |       ||     2
Dodge: Dodged            |    11 |       ||    11
